Selects Indian Artillery Battlegroup
Construct Section Command Post
Selects Artillery Saturation
Construct Platoon Command Post
6-pounder Anti-tank Gun Team
Unlock Bishop Self-propelled Artillery
Bishop Self-propelled Artillery
Selects Gurkha Rifles Section
Selects Off-map Airburst Barrage
6-pounder Anti-tank Gun Team
Bishop Self-propelled Artillery
Selects Volunteer Infantry
Bishop Self-propelled Artillery
6-pounder Anti-tank Gun Team
Bishop Self-propelled Artillery
Selects Perimeter Monitor